 Dungeon Crawl Stone Soup version 0.30-a0-377-g5cb311bc9f (webtiles) character file.

Game seed: 10668438658720289420

138 PyroL the Grave Robber (level 5, -2/37 HPs)
             Began as a Demonspawn Necromancer on Nov 30, 2022.
             Slain by a jackal (3 damage)
             ... on level 4 of the Dungeon.
             The game lasted 00:06:12 (2691 turns).

PyroL the Grave Robber (Demonspawn Necromancer)     Turns: 2691, Time: 00:06:13

Health: -2/37      AC:  4    Str:  9    XL:     5   Next: 1%
Magic:  2/10       EV: 12    Int: 18    God:
Gold:   147        SH:  0    Dex: 13    Spells: 2/10 levels left

rFire   . . .      SeeInvis .    p - +0 trident
rCold   . . .      Faith    .    (no shield)
rNeg    . . .      Spirit   .    a - +0 robe
rPois   .          Reflect  .    l - +0 helmet
rElec   .          Harm     .    c - +0 cloak
rCorr   .          Rampage  .    (no gloves)
Will    .....                    (no boots)
Stlth   ++........               (no amulet)
HPRegen 0.26/turn                (no ring)
MPRegen 0.12/turn                (no ring)

@: lethally poisoned (-2 -> -3), animating dead
A: foul stench 2, sturdy frame 1
a: no special abilities


You were on level 4 of the Dungeon.
You visited 1 branch of the dungeon, and saw 4 of its levels.

You collected 147 gold pieces.

Inventory:

Hand Weapons
 p - a +0 trident (weapon)
Armour
 a - a +0 robe (worn)
 c - a +0 cloak (worn)
 l - a +0 helmet (worn)
Scrolls
 e - a scroll of torment {unknown}
 f - a scroll of teleportation {unknown}
 g - a scroll of amnesia {unknown}
 h - 2 scrolls of silence
 i - a scroll of enchant armour {unknown}
 k - 2 scrolls of immolation {unknown}
 m - a scroll of fear
 o - 3 scrolls of magic mapping {unknown}
 q - a scroll of butterflies {unknown}
 s - a scroll of vulnerability {unknown}
 v - a scroll of poison {unknown}
Potions
 b - 3 potions of magic
 d - a potion of attraction
 j - 2 potions of degeneration {unknown}
 n - a potion of heal wounds {unknown}
 r - a potion of lignification {unknown}
 t - a potion of flight {unknown}
 u - a potion of might {unknown}


   Skills:
 + Level 1.2 Fighting
 - Level 1.7 Dodging
 - Level 1.7 Stealth
 - Level 3.3 Spellcasting
 + Level 5.8 Necromancy


You had 2 spell levels left.
You knew the following spells:

 Your Spells              Type           Power      Damage    Failure   Level
a - Necrotise             Necr           96%        1d8       1%          1
b - Vampiric Draining     Necr           24%        2d7       4%          3
c - Animate Dead          Necr           24%        N/A       14%         4

Your spell library contained the following spells:

 Spells                   Type           Power      Damage    Failure   Level
 Sublimation of Blood     Necr           24%        N/A       2%          2
 Agony                    Necr           24%        N/A       36%         5
 Kindle Blastsparks       Fire/Tloc/Air  6%         2d10      43%         3
 Fulminant Prism          Conj/Hex       1%         3d5       83%         4
 Iskenderun's Mystic Bla  Conj/Tloc      3%         2d3       83%         4
 Petrify                  Tmut/Erth      3%         N/A       83%         4
 Irradiate                Conj/Tmut      1%         3d12      99%         5
 Lee's Rapid Deconstruct  Erth           1%         3d4*      99%         5
 Conjure Ball Lightning   Conj/Air       1%         3x3d7     100%        6
 Discord                  Hex            1%         N/A       100%        8
 Disjunction              Tloc           1%         N/A       100%        8


Dungeon Overview and Level Annotations

Branches:
Dungeon (4/15)
 Temple: D:4-7

Altars:
Trog
Wu Jian

Shops:
D:4 *

Annotations:
D:3 Edmund


Innate Abilities, Weirdness & Mutations

You sometimes emit foul miasma when damaged in melee.
Your movements are slightly less encumbered by armour. (ER -2)


Message History

You feel very sick. The jackal misses you.
Your kobold zombie hits the jackal.
The jackal bites your adder zombie.
Your adder zombie bites the jackal.
The jackal bites you but does no damage.
You have reached level 5!
Your demonic ancestry asserts itself...
Your foul stench grows more powerful.
Okay, then.
Casting: Necrotise (safe; 1% risk of failure)
Confirm with . or Enter, or press ? or * to list all spells.
You don't have enough magic to cast this spell.
The jackal attacks as you move away! The jackal misses you.
The jackal attacks as you move away! The jackal barely misses you.
* * * LOW HITPOINT WARNING * * *
You feel sick. Something bites your adder zombie.
The jackal bites you but does no damage.
The hobgoblin hits something.
Your adder zombie bites the hobgoblin.
You closely miss the jackal.
* * * LOW HITPOINT WARNING * * *
You feel sick. The jackal barely misses you.
Your adder zombie misses the jackal.
Something bites your adder zombie. The jackal closely misses you.
Your adder zombie closely misses the hobgoblin.
The hobgoblin hits something.
The jackal bites you but does no damage.
Your adder zombie bites the jackal but does no damage.
The jackal bites your adder zombie.
Your adder zombie is destroyed!
The jackal bites you but does no damage.
You puncture the jackal!
You kill the jackal!
The dead are walking!
* * * LOW HITPOINT WARNING * * *
You feel sick.
Your adder zombie bites the hobgoblin.
The hobgoblin hits something.
Sorry, you're not good enough to have a special ability.
You closely miss the jackal.
* * * LOW HITPOINT WARNING * * *
You feel sick. The jackal bites you.
You die...

#....# ## . #..### .. ...
#...#####.##.# ....
##).#...#....###....
#..................
##..#......##....#........
#..#..#..##.....#.......##.
#.....#......# ..........
####.......@hZ# ......#.#.
#..##.....##h.# .........
#...........°.# #..#.#.#.
#.........Zhg.# ###........
##....∩..##..Z####......#.#.
#........##.....h..........
####......#........#..##.##
#..##..........##.....
#..............###..###


You could see 2 jackals, a hobgoblin, a friendly adder zombie and a friendly
jackal zombie.

Vanquished Creatures
  Robin (D:2)
  4 adders
  A worm (D:2)
  2 dart slugs (D:2)
  An orc (D:4)
  2 bats (D:3)
  7 endoplasms
  3 giant cockroaches
  10 goblins
  7 hobgoblins
  3 jackals
  6 kobolds
  5 quokkas
  8 ball pythons
  4 frilled lizards
  9 rats
73 creatures vanquished.

Vanquished Creatures (collateral kills)
  A bat (D:1)
  An endoplasm (D:1)
  A goblin (D:2)
  2 hobgoblins
  A rat (D:1)
6 creatures vanquished.

Vanquished Creatures (others)
  An adder zombie (D:4)
  A kobold zombie (D:4)
2 creatures vanquished.

Grand Total: 81 creatures vanquished

Notes
Turn   | Place    | Note
-------+----------+-------------------------------------------
     0 | D:1      | PyroL the Demonspawn Necromancer began the quest for the
                  | Orb.
     0 | D:1      | Reached XP level 1. HP: 13/13 MP: 3/3
   165 | D:1      | Gained mutation: You may rarely emit foul miasma when
                  | damaged in melee. [demonic ancestry]
   165 | D:1      | Reached XP level 2. HP: 19/19 MP: 1/5
   609 | D:1      | Reached skill level 5 in Necromancy
   609 | D:1      | Reached XP level 3. HP: 24/24 MP: 5/7
   925 | D:2      | Learned a level 3 spell: Vampiric Draining
  1141 | D:2      | Noticed Robin
  1363 | D:2      | Killed Robin
  1364 | D:2      | Gained mutation: Your movements are slightly less
                  | encumbered by armour. (ER -2) [demonic ancestry]
  1364 | D:2      | Reached XP level 4. HP: 16/30 MP: 3/8
  1475 | D:2      | Found a bloodstained altar of Trog.
  1640 | D:2      | Learned a level 4 spell: Animate Dead
  2075 | D:3      | Found an ornate altar of the Wu Jian Council.
  2451 | D:4      | Noticed Edmund
  2643 | D:4      | Found Wowyre's General Store.
  2683 | D:4      | Reached skill level 1 in Fighting
  2688 | D:4      | Gained mutation: You sometimes emit foul miasma when
                  | damaged in melee. [demonic ancestry]
  2688 | D:4      | Reached XP level 5. HP: 6/37 MP: 2/10
  2691 | D:4      | HP: 1/37 [poisoned by an adder]
  2691 | D:4      | Slain by a jackal

Illustrated notes

Levels and vault maps discovered:
D:1:      dpeg_arrival_signposts, layout_rooms, kennysheep_small_spiral
D:2:      layout_rooms, basic_altar, uniq_robin
D:3:      layout_rooms, lemuel_round_altar
D:4:      layout_cave_pools, gammafunk_temple_overflow_forgotten,
          old_standard_altar, serial_shops, shop, serial_glass, glass_columns_b,
          glass_columns_a, glass_columns_c, glass_columns_a, glass_columns_a,
          glass_columns_b, uniq_eustachio, uniq_edmund, uniq_crazy_yiuf_cottage

Skill      XL: |  1  2  3  4 |
---------------+-------------+-----
Necromancy     | 5 |  5.8
Spellcasting   | 3 |  3.3
Fighting       | 1 |  1.2
Dodging        | |  1.7
Stealth        | |  1.7

Action                   |  1- 3 |  4- 6 || total
-------------------------+-------+-------++-------
Melee: Whip              |    31 |       ||    31
       Punch             |     1 |     1 ||     2
       Spear             |    22 |    17 ||    39
       Trident           |       |    49 ||    49
 Cast: Necrotise         |    58 |    31 ||    89
       Vampiric Draining |       |     2 ||     2
       Animate Dead      |       |     1 ||     1
  Use: Scroll            |       |     4 ||     4
 Stab: Sleeping          |       |     3 ||     3
Armor: Robe              |    18 |    22 ||    40
Dodge: Dodged            |    41 |    67 ||   108

Table legend: (Time is in decaauts)
 A = Elapsed time spent in this place.
 B = Non-inter-level travel time spent in this place.
 C = Inter-level travel time spent in this place.
 D = Time resting spent in this place.
 E = Time spent auto-exploring this place.
 F = Levels seen in this place.
 G = Mean time per level.
                   A        B        C        D        E       F      G
               +--------+--------+--------+--------+--------+-----+--------+
         Total |   2714 |   2556 |    158 |    301 |   1677 |   4 |  678.5 |
       Dungeon |   2714 |   2556 |    158 |    301 |   1677 |   4 |  678.5 |
               +--------+--------+--------+--------+--------+-----+--------+

Top non-repeatable levels by time:
     D:1: 1037 daAuts
     D:2: 998 daAuts
     D:3: 586 daAuts
     D:4: 91 daAuts
